 Dungeon Crawl Stone Soup version 0.17-a0-1900-g45e8110 (webtiles) character file.

5059 mcbry74 the Grappler (level 10, -9/121 HPs)
             Began as a Troll Berserker on Sept 24, 2015.
             Was an Elder of Trog.
             Mangled by a vampire mosquito (13 damage)
             ... on level 9 of the Dungeon.
             The game lasted 00:53:26 (7683 turns).

mcbry74 the Grappler (Troll Berserker)              Turns: 7683, Time: 00:53:27

Health: -9/121     AC:  6    Str: 30 (32) XL:     10   Next: 31%
Magic:  9/9        EV: 12    Int:  8      God:    Trog [****..]
Gold:   467        SH:  0    Dex:  8 (9)  Spells: 0 memorised, 9 levels left

rFire  . . .     SeeInvis .       - Unarmed
rCold  . . .     Clarity  .     a - +1 animal skin
rNeg   . . .     SustAt   .     (no shield)
rPois  .         Gourm    +     (helmet restricted)
rElec  .         Spirit   .     (no cloak)
rCorr  .         Warding  .     (gloves unavailable)
rMut   .         Stasis   .     (boots unavailable)
MR     +++..                    h - amulet of faith
Stlth  ..........               (no ring)
                                (no ring)

@: berserking, regenerating, very quick, extremely resistant to hostile
enchantments, extremely unstealthy
A: unfitting armour, claws 3, horns 1, repulsion field 1, clever 1,
deterioration 1, fast metabolism 3, frail 1, gourmand, magic resistance 1, sense
surroundings 1, regeneration 2, shaggy fur 1, tough skin 2, subdued magic 1
a: Burn Spellbooks, Berserk, Trog's Hand, Brothers in Arms, Renounce Religion


You were on level 9 of the Dungeon.
You worshipped Trog.
Trog was greatly pleased with you.
You were not hungry.

You visited 2 branches of the dungeon, and saw 10 of its levels.

You collected 467 gold pieces.

Inventory:

Hand weapons
 y - the cursed +3 dagger "Lytt" {pain, rC+, unknown}
   (You found it on level 8 of the Dungeon)

   In the hands of one skilled in necromantic magic, it inflicts extra damage on
   living creatures.
   It protects you from cold.
   It has a curse placed upon it.
Missiles
 e - 8 tomahawks
 m - 2 tomahawks of returning (quivered)
 s - 2 throwing nets
 x - 3 needles of sleeping
Armour
 a - a +1 animal skin (worn)
Jewellery
 h - an amulet of faith (around neck)
 i - an uncursed ring of magical power
 o - an uncursed ring of fire
 u - an uncursed amulet of resist mutation
 w - an uncursed amulet of the gourmand
Magical devices
 d - a wand of slowing (26)
 f - a wand of enslavement (8)
Scrolls
 j - 3 scrolls of identify
 k - 6 scrolls of teleportation
 n - a scroll of fog
 p - 2 scrolls of remove curse
Potions
 g - 3 potions of curing
 v - a potion of brilliance
 B - a potion of heal wounds {unknown}
Comestibles
 b - 3 bread rations
 c - 3 royal jellies
 l - a beef jerky
 t - 6 meat rations
 A - a slice of pizza
 C - 15 fruits


   Skills:
 - Level 3.2 Fighting
 + Level 4.0 Throwing
 - Level 3.1 Dodging
 * Level 13.8 Unarmed Combat


You had 9 spell levels left.
You didn't know any spells.

Dungeon Overview and Level Annotations

Branches:
Dungeon (9/15)             Temple (1/1) D:6
   Lair: D:8-11         Orc: D:9-12

Altars:
Ashenzari
Cheibriados
Dithmenos
Elyvilon
Fedhas
Gozag
Kikubaaqudgha
Makhleb
Nemelex Xobeh
Okawaru
Qazlal
Ru
Sif Muna
Trog
Vehumet
Xom
Yredelemnul
Zin
The Shining One

Shops:
D:5 }


Innate Abilities, Weirdness & Mutations

You are too large for most types of armour.
You have claws for hands.
Your metabolism is lightning-fast.
You like to eat raw meat.
You heal very quickly.
You are covered in fur (AC +1).
You have very tough skin (AC +2).
You have a pair of small horns on your head.
You are surrounded by a mild repulsion field (EV +2).
Your mind is acute. (Int +2)
Your body sometimes deteriorates upon taking damage.
You are frail (-10% HP).
You are resistant to hostile enchantments.
You passively map a small area around you.
Your spells are a little easier to cast, but a little less powerful.


Message History

You feel somewhat more hungry. The vampire mosquito barely misses you.
The vampire mosquito bites you!
* * * LOW HITPOINT WARNING * * *
The vampire mosquito draws strength from your injuries!
The vampire mosquito bites you but does no damage.
The vampire mosquito bites you!
* * * LOW HITPOINT WARNING * * *
Your body deteriorates!
You feel clumsy.
The vampire mosquito draws strength from your injuries!
You closely miss the vampire mosquito.
The vampire mosquito is moderately damaged.
The vampire mosquito bites you!
* * * LOW HITPOINT WARNING * * *
The vampire mosquito draws strength from your injuries!
The vampire mosquito barely misses you.
You barely miss the vampire mosquito.
The vampire mosquito is lightly damaged.
The vampire mosquito closely misses you.
The vampire mosquito bites you!
You die...

.yy.,##.(.##....# , ,
......#..........+ ....
, ......#..........#
..... ......'..........#
..... ......#...#####'##
.....
......#...###....###....
......#............#....
......yy...........+....
......#@...........#....
*
......##..####..........
, .###'*
##+#**#...#.###.# ,* ,
.. , #...#...#.# , .. ,
+...###.#.# #.. , ,
#.......รท.. , ,*
###.###.#.# * #.# #....
#. ###.#


You could see 2 vampire mosquitoes.

Vanquished Creatures
  The ghost of Ijustatesigmund the Slinger, an experienced HaHu (D:9)
  The ghost of derrpe the Cruncher, an experienced GrGl (D:6)
  Joseph (D:7)
  Grinder (D:4)
  A two-headed ogre (D:7)
  A shadow (D:8)
  2 hippogriffs (D:8)
  Edmund (D:6)
  An orc warrior (D:6)
  3 sky beasts
  A black bear (D:7)
  2 ogres
  A crocodile (D:7)
  A centaur (D:8)
  A big kobold (D:4)
  3 giant frogs
  A gnoll sergeant (D:7)
  2 scorpions
  3 killer bees (D:8)
  A jelly (D:9)
  A quasit (D:7)
  A giant frog zombie (D:7)
  7 crimson imps
  6 orc priests
  2 giant frog skeletons
  7 hounds
  2 iguanas (D:9)
  10 orc wizards
  4 worker ants
  A killer bee zombie (D:9)
  A hound zombie (D:7)
  A hound skeleton (D:8)
  7 gnolls
  2 worker ant zombies
  9 adders
  2 shadow imps
  An ooze (D:3)
  2 adder zombies
  5 worms
  3 adder skeletons
  7 giant geckos
  27 orcs
  2 ball pythons
  2 giant cockroaches (D:2)
  2 goblins (D:1)
  6 hobgoblins
  12 jackals
  7 quokkas
  A ball python skeleton (D:5)
  4 bats
  5 giant newts
  3 kobolds (D:2)
  A quokka skeleton (D:4)
  2 rats
184 creatures vanquished.

Notes
Turn   | Place    | Note
--------------------------------------------------------------
     0 | D:1      | mcbry74 the Troll Berserker began the quest for the Orb.
     0 | D:1      | Reached XP level 1. HP: 22/22 MP: 0/0
   545 | D:2      | Reached XP level 2. HP: 25/29 MP: 1/1
   692 | D:2      | Reached XP level 3. HP: 36/36 MP: 2/2
   744 | D:2      | Reached skill level 4 in Unarmed Combat
   889 | D:2      | Acquired Trog's second power
  1227 | D:3      | Reached XP level 4. HP: 44/44 MP: 3/3
  1879 | D:4      | Reached XP level 5. HP: 53/53 MP: 4/4
  1887 | D:4      | Reached skill level 5 in Unarmed Combat
  2150 | D:4      | Noticed a big kobold
  2161 | D:4      | Killed a big kobold
  2161 | D:4      | Reached XP level 6. HP: 59/61 MP: 5/5
  2286 | D:4      | Found a shattered altar of Ashenzari.
  2305 | D:4      | Found a white marble altar of Elyvilon.
  2353 | D:4      | Reached skill level 6 in Unarmed Combat
  2550 | D:4      | Reached skill level 7 in Unarmed Combat
  2725 | D:4      | Noticed Grinder
  2734 | D:4      | Killed Grinder
  2734 | D:4      | Reached XP level 7. HP: 54/67 MP: 6/6
  2819 | D:4      | Reached skill level 8 in Unarmed Combat
  3242 | D:5      | Entered Level 5 of the Dungeon
  3337 | D:5      | Acquired Trog's third power
  3374 | D:5      | Found Folutut's Gadget Boutique.
  3413 | D:5      | Reached skill level 9 in Unarmed Combat
  3413 | D:5      | Reached XP level 8. HP: 62/75 MP: 7/7
  3417 | D:5      | Gained mutation: You are surrounded by a mild repulsion field (EV +2). [mutagenic meat]
  3427 | D:5      | Gained mutation: You are dopey. (Int -2) [mutagenic meat]
  3428 | D:5      | Gained mutation: You have a pair of small horns on your head. [mutagenic meat]
  3429 | D:5      | Gained mutation: You passively map a small area around you. [mutagenic meat]
  3616 | D:5      | Gained mutation: You are frail (-10% HP). [mutagenic meat]
  4258 | D:6      | Reached skill level 10 in Unarmed Combat
  4274 | D:6      | Reached skill level 1 in Throwing
  4315 | D:6      | Noticed derrpe's ghost (experienced GrGl)
  4358 | D:6      | Killed derrpe's ghost
  4358 | D:6      | Reached skill level 11 in Unarmed Combat
  4526 | D:6      | Noticed Edmund
  4537 | D:6      | Killed Edmund
  4653 | D:6      | Reached XP level 9. HP: 55/74 MP: 8/8
  4752 | D:6      | Gained mutation: Your body sometimes deteriorates upon taking damage. [mutagenic meat]
  4753 | D:6      | Gained mutation: Your spells are a little easier to cast, but a little less powerful. [mutagenic meat]
  4755 | D:6      | Gained mutation: You are resistant to hostile enchantments. [mutagenic meat]
  4774 | D:6      | Found a staircase to the Ecumenical Temple.
  4820 | Temple   | Entered the Ecumenical Temple
  5454 | D:7      | Found a bloodstained altar of Trog.
  5474 | D:7      | Reached skill level 12 in Unarmed Combat
  5869 | D:7      | Noticed Joseph
  5877 | D:7      | Killed Joseph
  6071 | D:7      | Found a glowing golden altar of the Shining One.
  6080 | D:7      | Found a basalt altar of Yredelemnul.
  6082 | D:7      | Noticed a profane servitor
  6312 | D:7      | Found a snail-covered altar of Cheibriados.
  6547 | D:7      | Noticed an angel
  6606 | D:8      | Received a gift from Trog
  6606 | D:8      | Reached skill level 13 in Unarmed Combat
  6636 | D:8      | Got a polished dagger
  6722 | D:8      | Found a blossoming altar of Fedhas.
  6867 | D:8      | Reached XP level 10. HP: 81/81 MP: 9/9
  6972 | D:8      | Found a sparkling altar of Nemelex Xobeh.
  7467 | D:9      | Lost mutation: You are dopey. (Int -2) [potion of mutation]
  7467 | D:9      | Gained mutation: Your mind is acute. (Int +2) [potion of mutation]
  7573 | D:9      | Noticed Ijustatesigmund's ghost (experienced HaHu)
  7585 | D:9      | Killed Ijustatesigmund's ghost
  7682 | D:9      | HP: 3/121 [vampire mosquito (7)]
  7683 | D:9      | Mangled by a vampire mosquito

Vault maps used:
D:1:      eino_arrival_druids_welcome
D:2:      first_bread
D:4:      grunt_temple_overflow_open, uniq_grinder
D:5:      serial_shops, shop
D:6:      minmay_temple_entry_junction, kennysheep_dice, uniq_edmund
D:7:      black_bear_nest_2, grunt_temple_overflow_holy_war,
          cheibrodos_worm_habitat, basic_altar, uniq_joseph
D:8:      nicolae_overflow_crystal_walls, hangedman_tree_tricks,
          nicolae_straight_to_the_point
D:9:      minmay_misc_feat_roman, nicolae_evil_shop
Temple:   circular_temple_13

Action                   |  1- 3 |  4- 6 |  7- 9 | 10-12 || total
-------------------------+-------+-------+-------+-------++-------
Melee: Unarmed           |    73 |   106 |   274 |    83 ||   536
Throw: Tomahawk          |       |       |    36 |     3 ||    39
       Throwing net      |       |       |     1 |       ||     1
Invok: Berserk           |     2 |     3 |     3 |     2 ||    10
       Trog's Hand       |     1 |     4 |    12 |     4 ||    21
       Burn Spellbooks   |       |       |     1 |       ||     1
  Use: Scroll            |     5 |       |    10 |     1 ||    16
       Potion            |     3 |       |     5 |     2 ||    10
 Stab: Sleeping          |     2 |       |       |       ||     2
  Eat: Chunk             |    10 |    17 |    51 |     1 ||    79
       Bread ration      |     1 |       |     1 |       ||     2
       Royal jelly       |       |       |     1 |       ||     1
